 Dungeon Crawl Stone Soup version 0.28.0-47-ge53b351184 (webtiles) character file.

Game seed: 17229129792149751585

2559 bobregger the Fighter (level 9, 0/105 HPs)
             Began as an Ogre Berserker on May 1, 2022.
             Was a Believer of Trog.
             Killed from afar by an electric eel (7 damage)
             ... with a bolt of electricity
             ... on level 6 of the Dungeon.
             The game lasted 00:10:54 (9186 turns).

bobregger the Fighter (Ogre Berserker)              Turns: 9186, Time: 00:10:54

Health: 0/105      AC:  3    Str: 23    XL:     9   Next: 56%
Magic:  9/9        EV: 12    Int:  8    God:    Trog [**....]
Gold:   227        SH:  0    Dex: 12    Spells: 8/8 levels left

rFire   . . .      SeeInvis .   n - +0 whip (elec)
rCold   . . .      Faith    .   (no shield)
rNeg    . . .      Spirit   .   b - +0 animal skin
rPois   +          Reflect  .   (helmet restricted)
rElec   .          Harm     .   (no cloak)
rCorr   .          Rampage  .   (gloves unavailable)
Will    .....                   (boots unavailable)
Stlth   +.........              (no amulet)
HPRegen 0.27/turn               a - ring of poison resistance
MPRegen 0.11/turn               (no ring)

@: no status effects
A: large, unfitting armour, tough skin 1
a: Renounce Religion, Berserk, Trog's Hand


You were on level 6 of the Dungeon.
You worshipped Trog.
Trog was pleased with you.
You visited 1 branch of the dungeon, and saw 6 of its levels.

You collected 227 gold pieces.

Inventory:

Hand Weapons
 n - a +0 whip of electrocution (weapon)
 w - a +1 giant spiked club
Armour
 b - a +0 animal skin (worn)
Jewellery
 a - a ring of poison resistance (left hand)
Potions
 c - 3 potions of curing
 f - a potion of lignification
 q - 3 potions of heal wounds {unknown}
 t - a potion of degeneration {unknown}
 u - a potion of cancellation {unknown}


   Skills:
 * Level 11.2 Fighting
 + Level 5.8 Maces & Flails
 * Level 7.9 Dodging


You had 8 spell levels left.
You didn't know any spells.
Your spell library was empty.

Dungeon Overview and Level Annotations

Branches:
Dungeon (6/15)
 Temple: D:4-7

Altars:
Ashenzari
Makhleb
Sif Muna
Uskayaw
Wu Jian
Xom

Shops:
D:2 =   D:4 [


Innate Abilities, Weirdness & Mutations

You are too large for most types of armour.
You have tough skin. (AC +1)


Message History

You hit the electric eel.
The electric eel is severely wounded.
The electric eel shoots out a bolt of lightning at you!
The bolt of electricity hits you!
You closely miss the electric eel.
The electric eel is severely wounded.
The electric eel shoots out a bolt of lightning at you!
The bolt of electricity hits you!
You closely miss the electric eel.
The electric eel is severely wounded.
The electric eel shoots out a bolt of lightning at you!
The bolt of electricity hits you!
You miss the electric eel.
The electric eel is severely wounded.
You barely miss the electric eel.
The electric eel is severely wounded.
The electric eel shoots out a bolt of lightning at you!
The bolt of electricity hits you!
You barely miss the electric eel.
The electric eel is severely wounded.
The electric eel shoots out a bolt of lightning at you!
The bolt of electricity hits you!
The electric eel shoots out a bolt of lightning at you!
The bolt of electricity hits you!
You hit the electric eel but do no damage.
The electric eel is severely wounded.
The electric eel shoots out a bolt of lightning at you!
The bolt of electricity hits you!
* * * LOW HITPOINT WARNING * * *
The electric eel shoots out a bolt of lightning at you!
The bolt of electricity hits you!
* * * LOW HITPOINT WARNING * * *
The electric eel shoots out a bolt of lightning at you!
The bolt of electricity misses you.
The electric eel shoots out a bolt of lightning at you!
The bolt of electricity hits you!
* * * LOW HITPOINT WARNING * * *
The electric eel shoots out a bolt of lightning at you!
The bolt of electricity hits you!
You die...

.. .........≈≈≈[.≈≈...# ..
..........≈≈...[:<$♣ ..
.........≈≈≈.≈≈≈...≈.?.≈≈
..
.........≈#≈≈.≈≈≈≈≈≈#≈w≈≈
..
...........#≈≈≈≈≈≈#≈≈≈##≈≈
..
.............≈≈≈≈≈≈≈≈#≈≈≈ .
>.
.............S≈≈≈≈≈≈≈≈≈≈≈≈
.. .............#≈≈≈≈≈≈≈≈
≈≈.. ..
..........@#.##.≈≈≈≈≈≈≈....
. ...........#....#≈≈. .
...........##.### .. .
...........#..# . .
..............# ....
...........##.# ....
..........###..# ....
.........).###.# ....
.........#.# ..


You could see an electric eel.

Vanquished Creatures
  Pikel (D:4)
  Sigmund (D:4)
  Edmund (D:4)
  A water moccasin (D:5)
  An ice beast (D:5)
  2 black bears
  A necrophage (D:6)
  4 ogres
  3 scorpions
  A water moccasin zombie (D:5)
  A wyvern skeleton (D:5)
  2 centaur zombies (D:5)
  4 jellies
  3 hounds
  2 centaur skeletons (D:5)
  2 orc priests
  Natasha (twice) (D:2)
  2 bullfrog skeletons
  An iguana (D:5)
  An orc wizard (D:6)
  2 hound zombies (D:5)
  8 adders
  A white imp (D:6)
  An ufetubus (D:5)
  2 adder zombies (D:5)
  A worm (D:2)
  5 dart slugs
  6 orcs
  5 bats
  7 endoplasms
  3 giant cockroaches
  5 goblins
  5 hobgoblins
  3 jackals (D:3)
  3 quokkas
  6 ball pythons
  6 frilled lizards
  10 kobolds
  9 rats
124 creatures vanquished.

Vanquished Creatures (others)
  2 fungi (D:2)
  2 plants (D:2)
4 creatures vanquished.

Grand Total: 128 creatures vanquished

Notes
Turn   | Place    | Note
-------+----------+-------------------------------------------
     0 | D:1      | bobregger the Ogre Berserker began the quest for the Orb.
     0 | D:1      | Reached XP level 1. HP: 24/24 MP: 1/1
   179 | D:1      | Reached XP level 2. HP: 9/32 MP: 2/2
  1279 | D:2      | Reached XP level 3. HP: 40/40 MP: 3/3
  1338 | D:2      | Reached ** piety under Trog
  1764 | D:2      | Found a faded altar of an unknown god.
  1800 | D:2      | Found Xamm's One-of-a-Kind Rings.
  1864 | D:2      | Found a shimmering altar of Xom.
  1950 | D:2      | Noticed Natasha
  1960 | D:2      | Killed Natasha
  1961 | D:2      | Reached skill level 5 in Fighting
  1961 | D:2      | Reached XP level 4. HP: 47/50 MP: 4/4
  2406 | D:2      | Noticed Natasha
  2418 | D:2      | Killed Natasha
  2419 | D:2      | Reached XP level 5. HP: 54/58 MP: 5/5
  2949 | D:3      | Reached skill level 6 in Fighting
  3147 | D:3      | Found a burning altar of Makhleb.
  3299 | D:3      | Found an ornate altar of the Wu Jian Council.
  3632 | D:3      | Reached XP level 6. HP: 68/68 MP: 6/6
  4530 | D:4      | Noticed Edmund
  4534 | D:4      | Killed Edmund
  4535 | D:4      | Reached skill level 7 in Fighting
  4589 | D:4      | Found a hide-covered altar of Uskayaw.
  4627 | D:4      | Reached skill level 5 in Dodging
  4627 | D:4      | Reached XP level 7. HP: 78/78 MP: 7/7
  4774 | D:4      | Found Butovve's Armour Shoppe.
  5066 | D:4      | Noticed Pikel
  5080 | D:4      | Killed Pikel
  5081 | D:4      | Reached skill level 8 in Fighting
  5081 | D:4      | Reached XP level 8. HP: 89/89 MP: 8/8
  5431 | D:4      | Noticed Sigmund
  5437 | D:4      | Killed Sigmund
  5438 | D:4      | Reached skill level 9 in Fighting
  5722 | D:5      | Entered Level 5 of the Dungeon
  5772 | D:5      | Found a shimmering blue altar of Sif Muna.
  5863 | D:5      | Reached skill level 5 in Maces & Flails
  6128 | D:5      | Found a broken altar of Ashenzari.
  6344 | D:5      | Reached skill level 10 in Fighting
  6344 | D:5      | Reached XP level 9. HP: 83/101 MP: 9/9
  8443 | D:6      | Reached skill level 11 in Fighting
  9186 | D:6      | Killed from afar by an electric eel

Illustrated notes

Levels and vault maps discovered:
D:1:      dpeg_cavernosity, layout_rooms
D:2:      layout_rooms, shapermc_ecumenical_altar_rom_forum, basic_altar,
          minmay_stone_trees_medium, nicolae_shop_unique_rings,
          skrybe_limestone_x, minmay_box_of_dots, uniq_natasha
D:3:      layout_basic, mainiacjoe_overflow_cross_hatched, lemuel_round_altar,
          minmay_pentomino_pile
D:4:      layout_basic, mainiacjoe_overflow_paths, serial_shops,
          nicolae_shop_waterfront, grunt_ministairs_11,
          minmay_misc_feat_pillars, uniq_pikel, uniq_sigmund, uniq_edmund
D:5:      minmay_skewed_foursquare, layout_loops_ring,
          ashenzari_conservatory_becter, mainiacjoe_overflow_alcove_2,
          nicolae_figureground_pulse
D:6:      kennysheep_slugbush, layout_layer_cave

Skill      XL: |  1  2  3  4  5  6  7  8  9 |
---------------+----------------------------+-----
Dodging        | 3 4 5 6 7 |  7.9
Maces & Flails | 3 4 5 |  5.8
Fighting       | 5 6 7 8 10 11 | 11.2

Action                   |  1- 3 |  4- 6 |  7- 9 || total
-------------------------+-------+-------+-------++-------
Melee: Mace              |    95 |       |       ||    95
       Punch             |     3 |       |     4 ||     7
       Whip              |    13 |   134 |   231 ||   378
       Flail             |       |     3 |    22 ||    25
Invok: Berserk           |     2 |     7 |     7 ||    16
  Use: Scroll            |       |       |    15 ||    15
 Stab: Sleeping          |       |       |     1 ||     1
Armor: Animal skin       |    30 |    50 |    73 ||   153
Dodge: Dodged            |    73 |    60 |   148 ||   281
